 Dungeon Crawl Stone Soup version 0.17-a0-1262-gd250d98 (webtiles) character file.

29 ohyou the Changer (level 2, -1/22 HPs)
             Began as a Demigod Transmuter on June 6, 2015.
             Slain by an adder (3 damage)
             ... on level 1 of the Dungeon.
             The game lasted 00:03:49 (1568 turns).

ohyou the Changer (Demigod Transmuter)              Turns: 1568, Time: 00:03:49

Health: -1/22      AC:  2    Str: 13    XL:     2   Next: 81%
Magic:  6/7        EV: 18    Int: 17    God:
Gold:   21         SH:  0    Dex: 21    Spells: 1 memorised, 3 levels left

rFire  + . .     SeeInvis .       - Unarmed
rCold  + . .     Clarity  .     b - +0 robe
rNeg   . . .     SustAt   +     (no shield)
rPois  +         Gourm    .     (no helmet)
rElec  +         Spirit   .     (no cloak)
rCorr  +         Warding  .     (no gloves)
rMut   .         Stasis   .     (boots currently unavailable)
MR     .....                    (no amulet)
Stlth  ++++......               (no ring)
                                h - ring of stealth

@: agile, lethally poisoned (-1 -> -3), appendage (expiring), resistant, very
slightly contaminated, hasted, very quick, not resistant to hostile
enchantments, stealthy
A: talons 3, high mp 1, sustain attributes
a: End Transformation


   Skills:
 - Level 0.8 Fighting
 - Level 1.7 Dodging
 - Level 2.6 Unarmed Combat
 - Level 1.7 Spellcasting
 + Level 3.1 Transmutations


You had 3 spell levels left.
You knew the following spells:

 Your Spells              Type           Power        Failure   Level  Hunger
a - Beastly Appendage     Trmt           ##....       6%          1    #......


Innate Abilities, Weirdness & Mutations

You have an increased reservoir of magic (+10% MP).
Your attributes are resistant to harm.
You have claws for feet.

Inventory:

Missiles
 a - 12 arrows
Armour
 b - a +0 robe (worn)
Jewellery
 h - a ring of stealth (left hand)
Scrolls
 k - 3 scrolls of identify {unknown}
Books
 c - a book of Changes
Comestibles
 d - 3 bread rations
 f - a royal jelly
 g - 3 chunks of flesh
 l - 3 slices of pizza

.....)..#.#####..# .#
.########.# ####.# #.# #######
.###.###..###....### ..#
#......
..#..##....###..##.#####.#
#.#####
.#..##.)......#...(#....# #.#
..#....#####......#)....### #.#
....#### .####......#..#.# #.#
#'### ....###...##...## #.# '.+
.....gS@........# #.# #+###
....###....##..## #.# ....####
.####.......##..###.#
##.....#####......#......#....#
...##.........##...#..##...####
#########....##..###.#######
########## ##


You could see an adder and a goblin.


Message History

Your talons disappear.
You start resting.
Some of the chunks of flesh in your inventory have rotted away.
You start resting.
HP restored.
A hobgoblin comes into view.
No target in view!
The hobgoblin barely misses you.
Casting: Beastly Appendage
Confirm with . or Enter, or press ? or * to list all spells.
Your feet morph into talons.
The hobgoblin hits you.
You hit the hobgoblin but do no damage.
You claw the hobgoblin, but do no damage.
You hit the hobgoblin but do no damage. The hobgoblin misses you.
You hit the hobgoblin.
The hobgoblin is moderately wounded.
The hobgoblin barely misses you.
You closely miss the hobgoblin.
You claw the hobgoblin, but do no damage.
The hobgoblin is moderately wounded.
The hobgoblin closely misses you.
You barely miss the hobgoblin.
The hobgoblin is moderately wounded.
The hobgoblin completely misses you.
You hit the hobgoblin. Your kick misses the hobgoblin.
The hobgoblin is heavily wounded.
The hobgoblin barely misses you.
You hit the hobgoblin.
You claw the hobgoblin, but do no damage.
The hobgoblin is severely wounded.
The hobgoblin hits you but does no damage.
You hit the hobgoblin but do no damage.
The hobgoblin is severely wounded.
The hobgoblin barely misses you.
You hit the hobgoblin but do no damage. Your kick misses the hobgoblin.
The hobgoblin is severely wounded.
Your transformation is almost over.
The hobgoblin barely misses you.
You barely miss the hobgoblin.
The hobgoblin is severely wounded.
The hobgoblin barely misses you.
You hit the hobgoblin.
You kill the hobgoblin!
You open the door.
An adder and a goblin come into view.
Casting: Beastly Appendage
Confirm with . or Enter, or press ? or * to list all spells.
You miscast Beastly Appendage.
You are very lightly contaminated with residual magic.
Nothing appears to happen.
Casting: Beastly Appendage
Confirm with . or Enter, or press ? or * to list all spells.
You extend your transformation's duration.
You closely miss the adder. Your kick misses the adder.
The goblin shouts!
The adder misses you.
You hit the adder.
The adder is moderately wounded.
The adder bites you.
You hit the adder but do no damage. You claw the adder.
The adder is heavily wounded.
The adder misses you.
You barely miss the adder. Your kick misses the adder.
The adder is heavily wounded.
The adder bites you. x2
* * * LOW HITPOINT WARNING * * *
You barely miss the adder.
The adder is heavily wounded.
The adder bites you.
* * * LOW HITPOINT WARNING * * *
You are poisoned.
The adder poisons you!
You hit the adder. You claw the adder, but do no damage.
The adder is severely wounded.
You feel sick. The adder closely misses you.
Drink which item? (? for menu, Esc to quit)
It was a potion of agility.
You feel agile all of a sudden. The adder barely misses you.
You barely miss the adder. You claw the adder, but do no damage.
The adder is severely wounded.
The adder misses you. The adder bites you.
* * * LOW HITPOINT WARNING * * *
Drink which item? (? for menu, Esc to quit)
It was a potion of resistance.
You feel protected.
* * * LOW HITPOINT WARNING * * *
You feel sick. The adder closely misses you.
Drink which item? (? for menu, Esc to quit)
It was a potion of haste.
You feel yourself speed up.
Your transformation is almost over.
The adder closely misses you.
You barely miss the adder.
The adder is severely wounded.
You are feeling hungry.
The adder barely misses you.
You closely miss the adder. Your kick misses the adder.
The adder is severely wounded.
The adder bites you.
You die...

Dungeon Overview and Level Annotations

Branches:
Dungeon (1/15)

Notes
Turn   | Place    | Note
--------------------------------------------------------------
     0 | D:1      | ohyou the Demigod Transmuter began the quest for the Orb.
     0 | D:1      | Reached XP level 1. HP: 15/15 MP: 5/5
   650 | D:1      | Reached XP level 2. HP: 19/22 MP: 5/7
  1061 | D:1      | Reached skill level 3 in Transmutations
  1568 | D:1      | Slain by an adder

Vault maps used:
D:1:      elethiomel_arrival_infinity_welcomes_careful_drivers,
          grunt_decor_fettered, minmay_cut_off

Vanquished Creatures
  2 bats (D:1)
  3 giant cockroaches (D:1)
  4 hobgoblins (D:1)
  3 kobolds (D:1)
  2 giant geckos (D:1)
  A giant newt (D:1)
  4 goblins (D:1)
  4 jackals (D:1)
  5 rats (D:1)
28 creatures vanquished.

Action                   || total
-------------------------++-------
Melee: Unarmed           ||   131
 Cast: Beastly Appendage ||    13
  Use: Potion            ||     3
 Stab: Sleeping          ||     3
  Eat: Chunk             ||     2
